 Dungeon Crawl Stone Soup version 0.27.1-2-g3b301248ec (webtiles) character file.

Game seed: 3884182299282548929

94836 pkoi the Brawler (level 15, -8/154 HPs)
             Began as a Troll Gladiator on Sept 30, 2021.
             Was an Initiate of Gozag.
             Mangled by a water elemental (14 damage)
             ... summoned by Ilsuiw
             ... on level 2 of the Shoals on Oct 1, 2021.
             The game lasted 00:45:57 (20999 turns).

pkoi the Brawler (Troll Gladiator)                 Turns: 20999, Time: 00:45:59

Health: -8/154     AC:  9    Str: 29    XL:     15   Next: 64%
Magic:  14/14      EV: 16    Int: 12    God:    Gozag
Gold:   1124       SH:  0    Dex: 11    Spells: 14/14 levels left

rFire    + . .     SeeInvis .     - Unarmed
rCold    . . .     Faith    .   (no shield)
rNeg     . . .     Spirit   .   s - +0 steam dragon scales "Patwoituc" {rPois Int+3}
rPois    +         Reflect  .   F - +1 hat of a ziggurat {Regen+ Int+3}
rElec    .         Harm     .   r - scarf {repulsion}
rCorr    .         Rampage  .   (gloves unavailable)
Will     +....                  (boots unavailable)
Stlth    ++........             (no amulet)
HPRegen  2.35/turn              I - ring of flight
MPRegen  0.14/turn              E - ring of Mufut {Drain rF+ EV+4 Slay+2 Stlth+}

@: flying, mesmerised, studying 2 skills, bribing [the Shoals], repel missiles
A: large, unfitting armour, claws 3, regeneration 1, shaggy fur 1, tough skin 1
a: Renounce Religion, Potion Petition, Call Merchant, Bribe Branch


You were on level 2 of the Shoals.
You worshipped Gozag.
Gozag was most pleased with you.
You visited 3 branches of the dungeon, and saw 19 of its levels.
You also visited: Gauntlet and Volcano.

You collected 7326 gold pieces.
You spent 1592 gold pieces at shops.
You paid 4610 gold pieces to Gozag.

Inventory:

Hand Weapons
 C - a +0 spear
Missiles
 c - 7 throwing nets
 j - 36 javelins
 k - 35 poisoned darts (quivered)
 A - 2 curare-tipped darts
 D - 6 silver javelins
 L - 10 large rocks
 M - 2 atropa-tipped darts
Armour
 r - a scarf of repulsion (worn)
 s - the +0 steam dragon scales "Patwoituc" (worn) {rPois Int+3}
   (You acquired it on level 6 of the Dungeon)

   Int:       It affects your intelligence (+3).
   rPois:     It protects you from poison.
 F - the +1 hat of a ziggurat (worn) {Regen+ Int+3}
   (You found it in a Gauntlet)

   Int:       It affects your intelligence (+3).
   Regen:     It increases your rate of health regeneration.
 H - a +0 kite shield of protection
Jewellery
 a - the ring of the Tortoise {AC+8}
   (You found it on level 4 of the Lair of Beasts)

   [ring of protection]

   AC:        It affects your AC (+8).
 f - a ring of protection from fire
 u - a ring of fire
 E - the ring of Mufut (right claw) {Drain rF+ EV+4 Slay+2 Stlth+}
   (You found it on level 6 of the Lair of Beasts)

   [ring of evasion]

   EV:        It affects your evasion (+4).
   Slay:      It affects your accuracy & damage with ranged weapons and melee
   (+2).
   rF:        It protects you from fire.
   Drain:     It drains your maximum health when unequipped.
   Stlth:     It makes you more stealthy.
 I - a ring of flight (left claw)
 K - an amulet of magic regeneration
Wands
 x - a wand of acid (8)
 y - a wand of digging (13)
 z - a wand of iceblast (15)
Scrolls
 h - 12 scrolls of teleportation
 l - 4 scrolls of blinking
 m - 3 scrolls of enchant weapon
 p - 5 scrolls of enchant armour
 t - 4 scrolls of amnesia
 v - 10 scrolls of identify
 w - 3 scrolls of fear
 B - 4 scrolls of brand weapon
 G - a scroll of summoning
 J - a scroll of magic mapping
Potions
 b - 2 potions of invisibility
 d - 7 potions of haste
 e - 11 potions of curing
 g - 7 potions of might
 i - 7 potions of heal wounds
 n - a potion of cancellation
 o - 4 potions of brilliance
 q - 2 potions of flight


   Skills:
 - Level 11.5 Fighting
 - Level 6.8 Throwing
 - Level 4.7 Armour
 + Level 9.1 Dodging
 + Level 6.6 Shields
 + Level 17.7 Unarmed Combat
 + Level 5.6 Evocations


You had 14 spell levels left.
You didn't know any spells.
Your spell library contained the following spells:

 Spells                   Type           Power      Damage    Failure   Level
 Animate Skeleton         Necr           0%         N/A       32%         1
 Apportation              Tloc           0%         N/A       32%         1
 Corona                   Hex            0%         N/A       32%         1
 Foxfire                  Conj/Fire      0%         2x1d4     32%         1
 Freeze                   Ice            0%         1d3       32%         1
 Magic Dart               Conj           0%         1d3       32%         1
 Summon Small Mammal      Summ           0%         N/A       32%         1
 Blink                    Tloc           N/A        N/A       45%         2
 Call Imp                 Summ           0%         N/A       45%         2
 Slow                     Hex            0%         N/A       45%         2
 Call Canine Familiar     Summ           0%         N/A       69%         3
 Confusing Touch          Hex            0%         N/A       69%         3
 Conjure Flame            Conj/Fire      0%         6-21      69%         3
 Frozen Ramparts          Ice            0%         1d2       69%         3
 Ignite Poison            Fire/Tmut/Pois 0%         N/A       69%         3
 Inner Flame              Hex/Fire       0%         N/A       69%         3
 Mephitic Cloud           Conj/Pois/Air  0%         N/A       69%         3
 Portal Projectile        Hex/Tloc       0%         N/A       69%         3
 Summon Guardian Golem    Hex/Summ       0%         N/A       69%         3
 Hailstorm                Conj/Ice       0%         3d3       97%         4
 Leda's Liquefaction      Hex/Erth       0%         N/A       97%         4
 Petrify                  Tmut/Erth      0%         N/A       97%         4
 Blade Hands              Tmut           0%         N/A       100%        5
 Bolt of Magma            Conj/Fire/Erth 0%         4d4       100%        5
 Excruciating Wounds      Necr           0%         N/A       100%        5
 Irradiate                Conj/Tmut      0%         3d13      100%        5
 Manifold Assault         Tloc           0%         N/A       100%        5
 Metabolic Englaciation   Hex/Ice        0%         N/A       100%        5
 Yara's Violent Unravell  Hex/Tmut       0%         3d3       100%        5
 Statue Form              Tmut/Erth      0%         N/A       100%        6
 Dragon Form              Tmut           0%         N/A       100%        7
 Storm Form               Tmut/Air       0%         N/A       100%        7


Dungeon Overview and Level Annotations

Branches:
Dungeon (11/15)            Temple (0/1) D:7            Lair (6/6) D:9
 Shoals (2/4) Lair:4       Spider (0/4) Lair:4        Slime (0/5) Lair:6
Volcano (visited)         Gauntlet (visited)
    Orc: D:9-12

Altars:
Ashenzari
Cheibriados
Gozag
Nemelex Xobeh
Qazlal
Trog
Xom
Jiyva

Shops:
D:9 !   Shoals:1 :*?   Shoals:2 [

Portals:
Trove: D:11 (show slimy rune of Zot)

Annotations:
D:4 3 runed translucent doors, Icepheonix32's ghost, amateur KoWr; babuloseo's ghost, amateur HuMo
D:5 2 transporters
D:11 2 runed translucent doors, exclusion: orange crystal statue
Lair:3 exclusion: oklob plant
Lair:6 1 runed translucent door
Shoals:2 Ilsuiw


Innate Abilities, Weirdness & Mutations

You are too large for most types of armour.
You have claws for hands.
Your natural rate of healing is unusually fast.
You are covered in fur. (AC +1)
You have tough skin. (AC +1)


Message History

* * * LOW HITPOINT WARNING * * *
You cannot read scrolls while unable to breathe!
You slip free of the water engulfing you.
* * * LOW HITPOINT WARNING * * *
Your lungs strain for air!
The water elemental closely misses you.
The merfolk siren chants its luring song.
The merfolk javelineer misses you.
The merfolk siren chants its luring song.
The water elemental barely misses you. The water elemental closely misses you.
You slip free of the water engulfing you.
* * * LOW HITPOINT WARNING * * *
Your lungs strain for air!
The merfolk javelineer hits you but does no damage.
The merfolk siren chants its luring song.
The water elemental hits you!
* * * LOW HITPOINT WARNING * * *
The merfolk siren chants its luring song.
The water elemental hits you.
The merfolk javelineer throws a silver javelin.
The silver javelin pierces through you!
* * * LOW HITPOINT WARNING * * *
x2 The water elemental hits you!
* * * LOW HITPOINT WARNING * * *
You slip free of the water engulfing you.
You gasp with relief as air once again reaches your lungs.
The merfolk javelineer hits you but does no damage.
The merfolk siren hits you from afar with a +0 spear!
* * * LOW HITPOINT WARNING * * *
The merfolk siren chants its luring song.
Unknown command.
Do you want to bribe the denizens of the Shoals?
You no longer have enough gold to bribe branches to halt enemies' attacks and recruit allies.
Gozag spreads your bribe to the Shoals!
The merfolk javelineer hits you from afar with a +0 spear.
* * * LOW HITPOINT WARNING * * *
The merfolk siren chants its luring song.
The water elemental misses you. The water elemental hits you!
You die...
Your body crumbles into a pile of gold.

...)≈≈≈≈≈≈≈≈≈≈)≈≈≈≈≈≈≈≈≈≈
.....≈≈≈≈≈≈≈≈...≈≈≈.....≈
.###.≈≈≈≈≈≈≈(.(.≈≈≈.....≈
.# ##.≈≈≈≈≈≈≈..≈≈≈≈≈.≈..≈
.#####≈≈≈≈≈≈≈≈≈≈≈≈≈.≈≈≈≈≈
......≈≈≈≈≈≈≈≈≈≈≈≈≈≈≈≈≈≈≈
≈≈.≈≈≈≈≈≈≈≈≈≈≈≈≈≈≈≈≈≈≈≈≈m≈
≈≈≈≈≈≈≈≈≈≈≈≈≈≈≈≈≈≈m≈≈≈≈≈≈≈≈
≈≈≈≈≈≈≈≈≈≈≈≈≈≈≈.@≈≈≈≈≈≈≈≈≈≈
≈≈≈≈≈≈≈≈≈≈≈≈≈..EE..m≈≈≈≈≈≈≈
.≈≈≈≈≈≈≈≈≈≈≈≈...Em...≈≈≈≈≈≈
.≈≈≈≈≈≈≈≈≈≈≈.m.<....≈≈≈≈≈≈≈
≈≈≈≈≈≈≈≈............≈≈≈≈≈≈≈
≈≈≈≈≈≈≈≈≈)....###..[.≈≈≈≈≈≈
≈≈≈≈≈≈≈≈≈.....# ###...≈≈≈≈≈
≈≈≈≈≈≈≈.........##≈...≈≈≈≈≈
≈≈≈≈≈≈≈..########≈.$).≈≈≈≈≈


You could see Ilsuiw, a merfolk javelineer (fast), 3 water elementals and 2
merfolk sirens.

Vanquished Creatures
  Polyphemus (Shoals:1)
  A minotaur (Gauntlet)
  A merfolk javelineer (Shoals:2)
  A merfolk impaler (Shoals:2)
  7 hydras
  An ice dragon (Lair:6)
  3 boulder beetles
  A merfolk aquamancer (Shoals:1)
  3 catoblepae
  A merfolk avatar (Shoals:1)
  A two-headed ogre (D:11)
  18 death yaks
  Urug (Lair:3)
  A fire crab (Gauntlet)
  6 sea snakes
  Pikel (D:5)
  A deep elf archer (Volcano)
  2 lindwurms (Lair:6)
  8 deep elf pyromancers
  4 oklob plants (Lair:4)
  4 fauns
  7 manticores
  2 water nymphs (Shoals:2)
  4 merfolk sirens
  Joseph (D:8)
  5 black mambas
  12 cane toads
  3 gargoyles
  8 torpor snails
  A molten gargoyle (Gauntlet)
  7 komodo dragons
  6 rime drakes
  5 kobold demonologists (D:10)
  A jumping spider (Lair:4)
  10 merfolk
  11 polar bears
  3 tyrant leeches (Lair:6)
  14 blink frogs
  11 hornets
  3 wind drakes
  3 raiju (Lair:6)
  2 snapping turtles
  A dream sheep (Lair:6)
  A shadow (D:10)
  4 water elementals
  4 spriggans
  5 wyverns
  Sigmund (D:2)
  3 wraiths
  4 basilisks
  6 fire bats (Gauntlet)
  9 fire elementals (Volcano)
  A hog (shapeshifter) (D:9)
  37 yaks
  3 steam dragons
  2 chaos spawn (D:11)
  6 wargs (Lair:6)
  Menkaure (D:7)
  17 hell hounds
  23 water moccasins
  3 orc warriors
  17 black bears
  An ogre (D:6)
  54 wolves
  8 centaurs
  2 phantoms (D:4)
  2 lemures (D:5)
  2 kobold brigands
  Blork the orc (D:4)
  8 bullfrogs
  2 scorpions
  2 water moccasin zombies
  A wyvern skeleton (D:5)
  7 killer bees (D:9)
  A water moccasin skeleton (D:5)
  12 wights
  4 electric eels (Lair:6)
  4 howler monkeys
  2 centaur zombies
  A bullfrog zombie (D:6)
  A hound (D:5)
  3 orc priests
  A bullfrog skeleton (D:6)
  3 iguanas
  9 orc wizards
  6 hell rats (Lair:1)
  2 killer bee zombies
  A hound skeleton (D:4)
  4 gnolls (D:4)
  7 adders
  2 shadow imps
  A white imp (D:6)
  4 dart slugs
  24 orcs
  6 endoplasms
  4 giant cockroaches
  5 goblins
  9 hobgoblins
  27 kobolds
  7 quokkas
  11 ball pythons
  7 bats
  8 frilled lizards
  2 rats
602 creatures vanquished.

Vanquished Creatures (others)
  52 fungi
  136 plants
  22 withered plants
210 creatures vanquished.

Grand Total: 812 creatures vanquished

Notes
Turn   | Place    | Note
-------+----------+-------------------------------------------
     0 | D:1      | pkoi the Troll Gladiator began the quest for the Orb.
     0 | D:1      | Reached XP level 1. HP: 19/19 MP: 0/0
   130 | D:1      | Reached XP level 2. HP: 27/27 MP: 1/1
   145 | D:1      | Found a faded altar of an unknown god.
   224 | D:1      | Reached skill level 4 in Unarmed Combat
   686 | D:2      | Reached XP level 3. HP: 33/33 MP: 2/2
   776 | D:2      | Noticed Sigmund
   795 | D:2      | Killed Sigmund
   796 | D:2      | Reached skill level 6 in Unarmed Combat
   796 | D:2      | Reached XP level 4. HP: 14/41 MP: 3/3
   796 | D:2      | Reached XP level 5. HP: 16/48 MP: 4/4
  1746 | D:3      | Noticed a black bear
  1749 | D:3      | Killed a black bear
  1750 | D:3      | Reached XP level 6. HP: 55/55 MP: 5/5
  2561 | D:4      | Reached skill level 7 in Unarmed Combat
  2769 | D:4      | Noticed Blork the orc
  2778 | D:4      | Killed Blork the orc
  2779 | D:4      | Reached XP level 7. HP: 41/62 MP: 6/6
  2904 | D:4      | Reached skill level 8 in Unarmed Combat
  3028 | D:4      | Found a runed translucent gate.
  3028 | D:4      | Found a runed translucent gate.
  3031 | D:4      | Found a runed translucent gate.
  3033 | D:4      | Noticed Icepheonix32's ghost (amateur KoWr)
  3033 | D:4      | Noticed babuloseo's ghost (amateur HuMo)
  3250 | D:5      | Entered Level 5 of the Dungeon
  3461 | D:5      | Found a transporter.
  3485 | D:5      | Noticed Pikel
  3589 | D:5      | Found a transporter.
  3656 | D:5      | Killed Pikel
  3657 | D:5      | Reached skill level 9 in Unarmed Combat
  3657 | D:5      | Reached XP level 8. HP: 31/75 MP: 7/7
  3765 | D:5      | Found a stormy altar of Qazlal.
  3816 | D:5      | Noticed a hornet
  3826 | D:5      | Killed a hornet
  3844 | D:5      | Found a broken altar of Ashenzari.
  3849 | D:5      | Found a sparkling altar of Nemelex Xobeh.
  3849 | D:5      | Found a snail-covered altar of Cheibriados.
  3862 | D:5      | Found an opulent altar of Gozag.
  3865 | D:5      | Found a bloodstained altar of Trog.
  4036 | D:5      | Became a worshipper of Gozag Ym Sagoz the Greedy
  4466 | D:6      | Identified a scroll of acquirement
  4466 | D:6      | Acquired the +0 steam dragon scales "Patwoituc" {rPois
                  | Int+3}
  4526 | D:6      | Reached skill level 10 in Unarmed Combat
  4649 | D:6      | Reached XP level 9. HP: 83/84 MP: 8/8
  4742 | D:6      | Reached skill level 1 in Armour
  5004 | D:7      | Noticed Menkaure
  5008 | D:7      | Killed Menkaure
  5190 | D:7      | Found a staircase to the Ecumenical Temple.
  5486 | D:7      | Reached skill level 5 in Dodging
  5581 | D:7      | Noticed a deep elf pyromancer
  5586 | D:7      | Killed a deep elf pyromancer
  5587 | D:7      | Reached skill level 11 in Unarmed Combat
  5637 | D:7      | Reached skill level 5 in Fighting
  6085 | D:8      | Reached XP level 10. HP: 96/96 MP: 9/9
  6234 | D:8      | Noticed Joseph
  6245 | D:8      | Killed Joseph
  6568 | D:8      | Noticed a manticore
  6577 | D:8      | Killed a manticore
  6798 | D:9      | Reached skill level 12 in Unarmed Combat
  6992 | D:9      | Found a staircase to the Lair.
  7048 | D:9      | Found Nirhintaa's Distillery.
  7054 | D:9      | Bought a potion of lignification for 39 gold pieces
  7580 | D:10     | Entered Level 10 of the Dungeon
  7660 | Lair:1   | Entered Level 1 of the Lair of Beasts
  7881 | Lair:1   | Reached skill level 13 in Unarmed Combat
  7927 | Lair:1   | Reached XP level 11. HP: 87/107 MP: 10/10
  8128 | Lair:1   | Noticed a six-headed hydra
  8635 | D:10     | Reached skill level 14 in Unarmed Combat
  9039 | D:11     | Found a large runed translucent door.
  9043 | D:11     | Found a large runed translucent door.
  9048 | D:11     | Found a shimmering altar of Xom.
  9052 | D:11     | Noticed a red ugly thing
  9263 | D:11     | Found a shimmering altar of Xom.
  9263 | D:11     | Found the +7 mace of Variability {chain chaos}
  9323 | D:11     | Noticed a boulder beetle
  9335 | D:11     | Killed a boulder beetle
  9477 | D:11     | Found a portal to a secret trove of treasure.
 10184 | Lair:2   | Noticed a five-headed hydra
 10193 | Lair:2   | Killed a five-headed hydra
 10342 | Lair:2   | Reached XP level 12. HP: 106/122 MP: 11/11
 10363 | Lair:2   | Noticed a seven-headed hydra
 10380 | Lair:2   | Reached skill level 15 in Unarmed Combat
 10383 | Lair:2   | Killed a seven-headed hydra
 10588 | D:9      | Bought a potion of lignification for 39 gold pieces
 10588 | D:9      | Bought a potion of heal wounds for 65 gold pieces
 10588 | D:9      | Bought a potion of might for 52 gold pieces
 10588 | D:9      | Bought a potion of might for 52 gold pieces
 11753 | Lair:3   | Noticed Urug
 11767 | Lair:3   | Killed Urug
 12776 | Lair:4   | Noticed a catoblepas
 12789 | Lair:4   | Killed a catoblepas
 12790 | Lair:4   | Reached skill level 16 in Unarmed Combat
 12803 | Lair:4   | Noticed a death yak
 12803 | Lair:4   | Noticed a death yak
 12804 | Lair:4   | Noticed a death yak
 12814 | Lair:4   | Noticed a death yak
 12814 | Lair:4   | Noticed a death yak
 12843 | Lair:4   | Killed a death yak
 12850 | Lair:4   | Killed a death yak
 12855 | Lair:4   | Killed a death yak
 12860 | Lair:4   | Noticed a death yak
 12871 | Lair:4   | Noticed a four-headed hydra
 12883 | Lair:4   | Killed a four-headed hydra
 12884 | Lair:4   | Reached XP level 13. HP: 21/132 MP: 12/12
 12893 | Lair:4   | HP: 2/198 [rime drake/flash freeze (18)]
 12946 | Lair:4   | Found a staircase to the Shoals.
 13022 | Lair:4   | Found a gate leading to a gauntlet.
 13033 | Gauntlet | Entered a Gauntlet
 13033 | Gauntlet | Found a transporter.
 13033 | Gauntlet | Found a transporter.
 13062 | Gauntlet | Found a transporter.
 13062 | Gauntlet | Found a transporter.
 13064 | Gauntlet | Found a large runed translucent door.
 13065 | Gauntlet | Found a large runed translucent door.
 13066 | Gauntlet | Found a large runed translucent door.
 13066 | Gauntlet | Found a large runed translucent door.
 13066 | Gauntlet | Found a runed translucent door.
 13067 | Gauntlet | Found a large runed translucent door.
 13069 | Gauntlet | Found a transporter.
 13083 | Gauntlet | Found a large runed translucent door.
 13084 | Gauntlet | Found a large runed translucent door.
 13085 | Gauntlet | Found a large runed translucent door.
 13086 | Gauntlet | Found a runed translucent gate.
 13088 | Gauntlet | Found a transporter.
 13098 | Gauntlet | Found a transporter.
 13098 | Gauntlet | Found a transporter.
 13101 | Gauntlet | Found a transporter.
 13128 | Gauntlet | Found a transporter.
 13130 | Gauntlet | Found a runed translucent gate.
 13130 | Gauntlet | Found a runed translucent gate.
 13132 | Gauntlet | Found a large runed translucent door.
 13133 | Gauntlet | Found a large runed translucent door.
 13135 | Gauntlet | Found a transporter.
 13136 | Gauntlet | Found a large runed translucent door.
 13137 | Gauntlet | Found a large runed translucent door.
 13140 | Gauntlet | Found a runed translucent door.
 13151 | Gauntlet | Found a large runed translucent door.
 13151 | Gauntlet | Found a large runed translucent door.
 13152 | Gauntlet | Found a large runed translucent door.
 13153 | Gauntlet | Found a large runed translucent door.
 13153 | Gauntlet | Found a transporter.
 13190 | Gauntlet | Found a transporter.
 13204 | Gauntlet | Found a transporter.
 13304 | Gauntlet | Found a transporter.
 13318 | Gauntlet | Found a transporter.
 13462 | Gauntlet | Identified the +1 cloak of the Tick {+Inv Dex+2}
 13557 | Gauntlet | Reached skill level 5 in Throwing
 13573 | Gauntlet | Reached skill level 10 in Fighting
 13606 | Gauntlet | Identified the +1 hat of a ziggurat {Regen+ Int+3}
 13647 | Gauntlet | Noticed a minotaur
 13651 | Gauntlet | Killed a minotaur
 13676 | Gauntlet | Identified the ring "Wuwuunti" {Will+ Dex+6}
 13840 | Lair:4   | Found the ring of the Tortoise {AC+8}
 14166 | Lair:4   | Reached skill level 1 in Shields
 14438 | Lair:4   | Found a hole to the Spider Nest.
 14550 | Lair:4   | Identified the +3 leather armour of Gobylurgh {Harm Fly
                  | Regen+ Stlth+}
 15249 | Lair:5   | Reached skill level 1 in Evocations
 15468 | Lair:5   | Reached XP level 14. HP: 123/144 MP: 13/13
 15482 | Lair:5   | Found a dark tunnel.
 15491 | Volcano  | Entered a volcano
 15675 | Volcano  | Identified the +1 helmet "Zub Maut" {Str+2 Int+2 SInv}
 16197 | Lair:6   | Entered Level 6 of the Lair of Beasts
 16851 | Lair:6   | Reached skill level 17 in Unarmed Combat
 16921 | Lair:6   | Identified the ring of Mufut {Drain rF+ EV+4 Slay+2 Stlth+}
 16994 | Lair:6   | Acquired 675 gold pieces
 17451 | Lair:6   | Reached skill level 5 in Shields
 17611 | Lair:6   | Noticed an azure jelly
 17612 | Lair:6   | Found a runed translucent door.
 17612 | Lair:6   | Found a viscous altar of Jiyva.
 17612 | Lair:6   | Found a staircase to the Slime Pits.
 17746 | Lair:6   | Reached XP level 15. HP: 137/154 MP: 14/14
 17852 | Lair:6   | Found a runed translucent door.
 18853 | D:11     | Identified the +0 scale mail of Rumale Nekol {Rampage Will-
                  | Str-4 Int+8}
 19172 | Shoals:1 | Entered Level 1 of the Shoals
 19226 | Shoals:1 | Found Yfumm's CLEARANCE SALE! EVERYTHING MUST GO!.
 19393 | Shoals:1 | Found Ziuh's Book Shop.
 19433 | Shoals:1 | Identified the +2 war axe "Tauritu" {vorpal, +Blink Str+2
                  | Dex-4}
 19440 | Shoals:1 | Bought a manual of Dodging for 1120 gold pieces
 19565 | Shoals:1 | Reached skill level 5 in Evocations
 20104 | Shoals:2 | Noticed Polyphemus
 20559 | Shoals:2 | Found Eli Jau's Antique Armour Shop.
 20654 | Shoals:2 | HP: 5/154 [merfolk aquamancer/shard of ice (50)]
 20783 | Shoals:1 | Bought a scroll of fear for 63 gold pieces
 20783 | Shoals:1 | Bought a scroll of teleportation for 54 gold pieces
 20783 | Shoals:1 | Bought a scroll of teleportation for 54 gold pieces
 20783 | Shoals:1 | Bought a scroll of teleportation for 54 gold pieces
 20801 | Shoals:2 | HP: 7/154 [Polyphemus (8)]
 20845 | Shoals:1 | Killed Polyphemus
 20977 | Shoals:2 | Noticed Ilsuiw
 20998 | Shoals:2 | HP: 6/154 [merfolk siren (7)]
 20999 | Shoals:2 | Mangled by a water elemental

Illustrated notes

Levels and vault maps discovered:
D:1:      ncdulo_smallfort, layout_basic, dreamdust_ecumenical_altar_grove,
          grunt_decor_mini_mirrors
D:2:      layout_basic, minmay_fractal_squares_gapless_5, uniq_sigmund
D:3:      layout_basic, minmay_misc_feat_rugged
D:4:      cheibrodos_barr_body, layout_rooms, gammafunk_ghost_cemetery,
          uniq_blork_the_orc
D:5:      gammafunk_steamed_eel, layout_basic, minmay_overflow_temple_star_hex,
          nicolae_qazlal_scattered_showers, uniq_pikel
D:6:      layout_loops_ring
D:7:      layout_cave_pods, temple_fountains, uniq_menkaure
D:8:      layout_loops_ring, kennysheep_generic_room_12, uniq_joseph
D:9:      layout_loops_cross, lair_entry_dummy, serial_shops, nicolae_shop_trees
D:10:     layout_grid_maze
D:11:     due_chaos_kobolds, layout_basic, enter_trove_1,
          minmay_misc_feat_roman, grunt_ministairs_10,
          minmay_guarded_unrand_variability
Lair:1:   layout_big_grid, minivault_23, wad_woods_02, lemuel_fruit_tree,
          grunt_megastairs_3
Lair:2:   layout_small_grid, wad_woods_03
Lair:3:   layout_roguey, beast_lair_carwin_7, infiniplex_staircase_pool_2,
          serial_bayou_shore_b, serial_bayou_shore_b, grunt_megastairs_2,
          uniq_urug
Lair:4:   layout_hall_layers, minmay_shoals_entry_beasts,
          spider_nest_entry_rubble, gauntlet_entry_generic,
          cheibrodos_lair_caveside_slide, minmay_lair_oklob_chamber
Lair:5:   layout_big_grid, enter_volcano_4, serial_bayou_shore_a,
          grunt_megastairs_5
Lair:6:   hangedman_lair_caniforms_friends, layout_gridlike, wormcave,
          slime_altar_2, serial_bayou_lagoon_b
Shoals:1: layout_shoals, serial_shops, nicolae_shop_trees, ldierk_geyser,
          nicolae_shop_clearance
Shoals:2: layout_shoals, serial_shops, nicolae_shop_behind_doors,
          argonaut_gorgonesque, uniq_ilsuiw, uniq_roxanne, uniq_polyphemus

Skill      XL: |  1  2  3  4  5  6  7  8  9 10 11 12 13 14 15 |
---------------+----------------------------------------------+-----
Unarmed Combat | 4 6 7 9 10 11 13 14 16 17 | 17.7
Throwing       | 2 4 6 |  6.8
Fighting       | 3 4 5 6 8 9 10 11 | 11.5
Dodging        | 3 4 5 6 7 9 |  9.1
Armour         | 2 4 |  4.7
Shields        | 2 5 6 |  6.6
Evocations     | 1 4 5 |  5.6

Action                   |  1- 3 |  4- 6 |  7- 9 | 10-12 | 13-15 || total
-------------------------+-------+-------+-------+-------+-------++-------
Melee: Unarmed           |    86 |   136 |   254 |   510 |  1016 ||  2002
       Punch             |     1 |     2 |     6 |    43 |   115 ||   167
Throw: Dart              |       |       |       |       |    30 ||    30
Invok: Potion Petition   |       |       |       |     1 |     1 ||     2
       Call Merchant     |       |       |       |       |     1 ||     1
       Bribe Branch      |       |       |       |       |     1 ||     1
Evoke: Wand              |       |       |       |       |     8 ||     8
  Use: Scroll            |       |       |     9 |    12 |     6 ||    27
       Potion            |       |       |       |     4 |     2 ||     6
 Stab: Distracted        |       |       |     1 |     1 |     7 ||     9
       Sleeping          |       |       |       |     1 |     1 ||     2
       Petrified         |       |       |       |       |     3 ||     3
       Invisible         |       |       |       |       |     1 ||     1
Armor: Robe              |    24 |    41 |    31 |       |       ||    96
       Steam dragon scal |       |       |    27 |   139 |   375 ||   541
       Skin              |       |       |       |    36 |     3 ||    39
Dodge: Dodged            |    37 |    55 |    97 |   246 |   641 ||  1076
       Repelled          |       |       |       |     5 |    15 ||    20
